Map: Ruins of Seras

Players

Miszu - Winner!

  • Race: Terran Terran
  • League: Grandmaster

CentralPork

  • Race: Zerg Zerg
  • League: Master

VOD

Have the link to the VOD?

Description

Time

  • Played on: Feb. 21, 2016, 2:30 p.m.
  • Length: 11:08
Show
View Real Time Build Order
Export as new Build Order

Miszu Terran - Winner!

Build Orders: Liberator Opening, Reaper Expand, MMM Bio 

Get SALT Encoding   

  12  0:00  SCV  
  13  0:12  SCV  
  14  0:18  Supply Depot  
  14  0:25  SCV  
  15  0:40  SCV  
  16  0:43  Barracks  
  16  0:46  Refinery  
  16  0:52  SCV  
  17  1:04  SCV  
  18  1:16  SCV  
  19  1:30  Orbital Command  
  19  1:31  Reaper  
  20  1:43  Command Center  
  20  1:54  Supply Depot  
  20  1:55  SCV  
  21  2:07  SCV  
  22  2:09  Factory  
  22  2:15  Refinery  
  22  2:19  SCV  
  23  2:23  Barracks Reactor  
  23  2:32  SCV  
  24  2:44  SCV  
  25  2:52  Starport  
  25  2:56  SCV  
  26  3:00  Marine  
  26  3:01  Marine, Factory Tech Lab  
  29  3:08  SCV  
  28  3:13  Orbital Command  
  28  3:18  Marine, Liberator  
  28  3:19  Marine  
  30  3:20  SCV  
  31  3:32  SCV  
  32  3:39  SCV  
  32  3:40  Marine  
  36  3:44  SCV  
  36  3:47  Siege Tank  
  40  3:52  Supply Depot  
  41  3:56  SCV  
  41  3:59  Marine x2  
  42  4:08  SCV  
  43  4:19  Siege Tank  
  43  4:21  SCV  
  47  4:29  Orbital Command  
  45  4:39  SCV  
  46  4:50  Supply Depot  
  46  4:52  Command Center  
  46  4:55  Barracks Reactor, Liberator  
  46  5:02  Bunker  
  46  5:08  Barracks  
  46  5:09  Barracks  
  46  5:12  SCV x2  
  46  5:13  Supply Depot  
  51  5:15  Supply Depot  
  51  5:24  SCV  
  51  5:26  SCV  
  53  5:35  Siege Tank  
  56  5:36  SCV  
  56  5:38  Marine x2  
  56  5:40  SCV  
  60  5:48  SCV  
  61  5:51  Engineering Bay  
  61  5:52  SCV  
  61  5:53  Engineering Bay  
  61  5:55  Starport Reactor  
  62  6:02  SCV  
  62  6:03  Marine  
  64  6:08  SCV  
  65  6:13  Marine  
  65  6:15  Orbital Command  
  65  6:17  Barracks Tech Lab x2, SCV  
  64  6:21  Marine  
  64  6:24  Terran Infantry Weapons Level 1, Terran Infantry Armor Level 1  
  65  6:26  Refinery  
  65  6:31  Marine  
  66  6:34  Barracks  
  66  6:36  Refinery, Barracks  
  66  6:38  SCV x2  
  66  6:39  Marine  
  69  6:40  Orbital Command  
  69  6:43  Marine x2  
  69  6:45  Stimpack  
  71  6:47  Combat Shields  
  71  6:50  SCV x2  
  73  6:58  Supply Depot  
  73  7:02  Marine, SCV x2  
  73  7:03  Marine x2  
  73  7:05  Medivac  
  73  7:06  SCV  
  81  7:11  Missile Turret  
  81  7:20  Missile Turret  
  82  7:22  SCV  
  82  7:23  SCV x2  
  82  7:27  Marine  
  82  7:29  Barracks Reactor x2  
  85  7:30  Missile Turret  
  85  7:34  Marine, SCV  
  87  7:39  SCV  
  87  7:43  Factory Reactor  
  88  7:44  Medivac x2, SCV  
  88  7:48  Armory  
  88  7:49  Supply Depot  
  93  7:51  Supply Depot  
  93  7:55  SCV x2  
  95  8:03  Marine x2, Marauder x2  
  101  8:11  SCV x2  
  101  8:12  Supply Depot  
  103  8:15  Supply Depot, SCV  
  103  8:19  Marine x4  
  108  8:21  Marine, Widow Mine  
  108  8:23  Widow Mine, SCV x2  
  108  8:24  Marauder  
  117  8:32  Supply Depot  
  117  8:33  Supply Depot  
  118  8:34  SCV  
  118  8:35  SCV  
  118  8:37  Terran Infantry Weapons Level 2  
  118  8:39  Terran Infantry Armor Level 2  
  119  8:47  Marine, SCV x2  
  119  8:48  Marine x3, Marauder  
  127  8:56  Widow Mine  
  127  8:57  Supply Depot, Widow Mine  
  127  8:58  Supply Depot, Marine  
  127  9:00  SCV  
  133  9:04  Marauder  
  133  9:09  Marauder  
  134  9:19  Marine x5  
  134  9:23  Marine  
  138  9:26  Medivac, Marauder  
  138  9:27  Medivac  
  138  9:31  Marauder  
  146  9:37  Marine  
  146  9:38  Marine x2  
  149  9:40  Supply Depot, SCV  
  149  9:41  Supply Depot  
  149  9:44  Marine x3  
  153  9:47  Marauder  
  153  9:52  Marauder  
  157  9:54  Marine, Widow Mine x2  
  157  9:56  Medivac  
  164  10:09  Marine, Marauder  
  164  10:13  Marauder  
  163  10:16  Marine  
  163  10:17  Marine x3  
  163  10:18  Marine  
  140  10:27  Marine  
  138  10:29  Widow Mine x2  
  138  10:30  Medivac, Marauder  
  138  10:34  Marine  
  138  10:35  Marine x4, Marauder  
  150  10:39  Command Center  
  153  10:45  Marine  
Show
View Real Time Build Order
Export as new Build Order

CentralPork Zerg 

Build Orders: Hatch First, Muta Ling Bane, Zergling Baneling 

Get SALT Encoding   

  12  0:01  Drone  
  13  0:13  Overlord  
  13  0:18  Drone  
  14  0:31  Drone x2  
  14  0:35  Drone  
  17  0:54  Hatchery  
  16  1:06  Extractor  
  16  1:10  Spawning Pool  
  14  1:12  Drone  
  14  1:16  Drone  
  16  1:20  Drone  
  17  1:33  Drone  
  17  1:35  Drone  
  19  1:45  Overlord  
  19  1:57  Queen  
  19  1:58  Zergling x2  
  22  2:06  Queen  
  24  2:09  Metabolic Boost  
  24  2:11  Drone  
  24  2:15  Zergling x2  
  26  2:21  Drone x2  
  29  2:30  Zergling x2, Drone  
  30  2:38  Overlord  
  30  2:39  Drone  
  31  2:49  Zergling x2  
  32  3:03  Drone  
  32  3:04  Baneling Nest  
  32  3:09  Zergling x10  
  36  3:24  Zergling x10  
  39  3:39  Zergling x10  
  44  3:53  Overlord  
  44  3:58  Roach Warren  
  43  4:04  Baneling x5  
  43  4:05  Baneling x5  
  43  4:07  Overlord  
  44  4:15  Drone x7  
  50  4:19  Extractor  
  35  4:40  Lair  
  35  4:41  Drone x3  
  35  4:45  Drone x6  
  43  4:49  Queen  
  45  4:57  Extractor, Drone  
  45  4:58  Extractor  
  44  5:01  Spore Crawler  
  44  5:04  Drone  
  44  5:09  Zergling x4  
  46  5:14  Zergling x2  
  47  5:25  Queen  
  47  5:27  Zergling x12  
  55  5:42  Spire  
  55  5:46  Drone  
  54  6:12  Hatchery  
  53  6:23  Drone x4  
  53  6:24  Drone  
  58  6:31  Drone  
  58  6:32  Overlord x3  
  56  6:56  Mutalisk x3  
  56  6:57  Mutalisk x4  
  70  7:09  Zerg Flyer Armor Level 1  
  70  7:10  Drone  
  70  7:11  Drone x5  
  70  7:13  Drone  
  76  7:24  Evolution Chamber  
  76  7:25  Evolution Chamber  
  76  7:27  Overlord  
  76  7:29  Drone  
  75  7:30  Drone x2  
  75  7:31  Drone  
  78  7:40  Drone x2  
  80  7:47  Extractor  
  80  7:48  Extractor  
  80  7:49  Centrifical Hooks  
  78  7:55  Overlord  
  78  8:00  Zerg Melee Weapons Level 1, Zerg Ground Armor Level 1  
  78  8:01  Baneling x3  
  79  8:05  Drone  
  79  8:06  Drone x4  
  83  8:14  Drone x3  
  83  8:15  Zergling x2, Baneling  
  83  8:16  Baneling x2  
  87  8:23  Zergling x4  
  87  8:24  Overlord x2  
  87  8:32  Mutalisk x2  
  92  8:34  Zergling x2  
  92  8:35  Baneling  
  92  8:37  Zergling x4  
  92  8:38  Zergling x2  
  95  8:49  Mutalisk x4  
  95  8:50  Overlord  
  95  8:54  Burrow, Baneling  
  95  8:55  Baneling  
  103  9:00  Overlord  
  103  9:01  Overlord  
  104  9:02  Zergling x2  
  104  9:03  Zergling x2, Zerg Flyer Weapons Level 1  
  104  9:08  Overlord  
  105  9:11  Overlord  
  101  9:20  Zergling x2  
  101  9:21  Zergling x18  
  109  9:30  Zergling x6  
  109  9:31  Zergling x4  
  114  9:42  Mutalisk x3  
  114  9:43  Overlord  
  114  9:44  Zergling x8  
  124  9:50  Baneling  
  124  9:51  Baneling x10  
  124  9:52  Overseer  
  124  9:54  Mutalisk  
  126  10:05  Zergling x16  
  135  10:07  Zergling x2  
  121  10:17  Zergling x14  
  85  10:29  Zergling x2  
  85  10:30  Zergling x8  
  84  10:47  Baneling x19  
  84  10:48  Baneling x6  
Tags
 
Add a new tag
Caveats
  • Supply blocks, unpowered buildings, or Contaminate may cause inaccurate times.
  • Supply counts are checked every 10 seconds.